cohdb
Replays
Latest Replays
All Replays
Popular Replays
Top Player Replays
Match Explorer
How It Works
Community
CoH3 Stats
Reddit
Sign in to upload your games and track your stats! →
Sign in with Steam
Match 46000354
Unlisted
Match 46000354
Overview
Messages
Build Orders
End
Kradschützen Motorcycle Team
Selects Italian Combined Arms Battlegroup
Selects Bersaglieri Squad
Bersaglieri Squad
Panzerpioneer Squad
Bersaglieri Squad
Construct Light Support Kompanie
Panzerjäger Squad
MG34 Team
Selects Vehicle Support - Secure Location
Selects Vehicle Support - Force Recon
Construct Mechanized Kompanie
Support Armor Elements
StuG III D Assault Gun
StuG III D Assault Gun
Selects Semovente da 75/18 Assault Gun
Marder III Tank Destroyer
Marder III Tank Destroyer
Selects Strafing Run
Strafing Run
Emergency Repair Kits
Construct Panzerarmee Kommand
Strafing Run
Tungsten Core Ammunition
Selects Artillery Cover
Armored Reserves
Artillery Cover
Panzer IV Assault Group
Bersaglieri Squad
2.5-tonne Medical Truck
Fajolada
DANGER CLOSE
0
0
Comments
sign in to comment!
No comments posted yet!